 Dungeon Crawl Stone Soup version 0.26-a0-658-gbdda728c12 (webtiles) character file.

Game seed: 11572135714412418787

25 tacoguy the Conjurer (level 2, -7/15 HPs)
             Began as a Deep Elf Conjurer on Oct 4, 2020.
             Mangled by Sigmund
             ... wielding a +0 scythe
              (9 damage)
             ... on level 2 of the Dungeon.
             The game lasted 00:03:54 (1479 turns).

tacoguy the Conjurer (Deep Elf Conjurer)            Turns: 1479, Time: 00:03:55

Health: -7/15      AC:  2    Str:  4    XL:     2   Next: 82%
Magic:  4/8        EV: 13    Int: 22    God:
Gold:   93         SH:  0    Dex: 13    Spells: 4/7 levels left

rFire    . . .     SeeInvis .   (no weapon)
rCold    . . .     Faith    .   (no shield)
rNeg     . . .     Spirit   .   a - +0 robe
rPois    .         Reflect  .   (no helmet)
rElec    .         Harm     .   (no cloak)
rCorr    .         Rampage  .   (no gloves)
MR       .....                  (no boots)
Stlth    +.........             (no amulet)
HPRegen  0.05/turn              (no ring)
MPRegen  0.11/turn              (no ring)

@: confused
A: no striking features
a: no special abilities


You were on level 2 of the Dungeon.
You visited 1 branch of the dungeon, and saw 2 of its levels.

You collected 93 gold pieces.

Inventory:

Armour
 a - a +0 robe (worn)
Scrolls
 b - a scroll of immolation {unknown}


   Skills:
 + Level 2.6 Dodging
 + Level 2.5 Stealth
 + Level 3.3 Spellcasting
 + Level 5.1 Conjurations


You had 4 spell levels left.
You knew the following spells:

 Your Spells              Type           Power        Failure   Level
a - Magic Dart            Conj           ####         1%          1
b - Searing Ray           Conj           ####..       2%          2

Your spell library contained the following spells:

 Spells                   Type           Power        Failure   Level
 Dazzling Flash           Conj/Hex       ##....       13%         3
 Fulminant Prism          Conj/Hex       ##........   38%         4
 Iskenderun's Mystic Bla  Conj/Tloc      ##......     38%         4


Dungeon Overview and Level Annotations

Branches:
Dungeon (2/15)

Altars:
Nemelex Xobeh
The Shining One

Annotations:
D:2 1 runed translucent door, Crazy Yiuf, Sigmund


Message History

Sigmund is heavily wounded.
The searing ray hits Sigmund.
Sigmund is heavily wounded.
Sigmund gestures at you while chanting.
You are confused.
Sigmund drinks a potion.
Sigmund seems to speed up.
You're too confused to cast spells.
You bump into the rock wall.
Sigmund casts a spell.
Sigmund flickers and vanishes!
Deactivating autopickup; reactivate with Ctrl-A.
You're too confused to cast spells.
You bump into the rock wall.
Something hits you!
Ouch! That really hurt!
You're too confused!
You're too confused to move!
Something hits you.
* * * LOW HITPOINT WARNING * * *
Something hits you!
Ouch! That really hurt!
You die...

.............#
############## ...# ...#
...# ...# ######## ...#
#.# #. #......# ...###.#
#.# #.# ....##.# #.# #@#
###.##.# #.# #.# #.##.#
###.###.####.## #.##.#
..............#
###.##.#(###.###.#...###
....##.#.......#.#.#.#
#......#####.#.......#
#.###### #.###..#..#
#.#.########.# ......#


There were no monsters in sight!

Vanquished Creatures
  An orc (D:2)
  2 giant cockroaches (D:2)
  5 goblins
  A hobgoblin (D:1)
  6 bats
  4 kobolds (D:1)
  5 rats
24 creatures vanquished.

Notes
Turn   | Place    | Note
-------+----------+-------------------------------------------
     0 | D:1      | tacoguy the Deep Elf Conjurer began the quest for the Orb.
     0 | D:1      | Reached XP level 1. HP: 10/10 MP: 6/6
   311 | D:1      | Reached XP level 2. HP: 15/15 MP: 5/8
   837 | D:2      | Learned a level 2 spell: Searing Ray
   838 | D:2      | Reached skill level 5 in Conjurations
  1081 | D:2      | Found a sparkling altar of Nemelex Xobeh.
  1289 | D:2      | Found a glowing golden altar of the Shining One.
  1324 | D:2      | Found a runed translucent door.
  1325 | D:2      | Noticed Crazy Yiuf
  1471 | D:2      | Noticed Sigmund
  1479 | D:2      | Mangled by Sigmund

Illustrated notes

Levels and vault maps discovered:
D:1:      heliophobic_arrival_henge, layout_basic, minmay_misc_feat_roman,
          minivault_25
D:2:      layout_basic, overflow_temple_1_default,
          nicolae_tso_swordbearing_angel, minmay_misc_feat_tower,
          uniq_crazy_yiuf_cottage, uniq_sigmund

Skill      XL: |  1  2 |
---------------+-------+-----
Conjurations   | 5 |  5.1
Dodging        | |  2.6
Stealth        | |  2.5
Spellcasting   | |  3.3

Action                   || total
-------------------------++-------
 Cast: Magic Dart        ||    30
       Searing Ray       ||     5
  Use: Scroll            ||     3
       Potion            ||     1
Dodge: Dodged            ||     3

Table legend: (Time is in decaauts)
 A = Elapsed time spent in this place.
 B = Non-inter-level travel time spent in this place.
 C = Inter-level travel time spent in this place.
 D = Time resting spent in this place.
 E = Time spent auto-exploring this place.
 F = Levels seen in this place.
 G = Mean time per level.
                   A        B        C        D        E       F      G
               +--------+--------+--------+--------+--------+-----+--------+
         Total |   1478 |   1456 |     22 |    333 |   1037 |   2 |  739.0 |
       Dungeon |   1478 |   1456 |     22 |    333 |   1037 |   2 |  739.0 |
               +--------+--------+--------+--------+--------+-----+--------+

Top non-repeatable levels by time:
     D:1: 825 daAuts
     D:2: 653 daAuts
